 Dungeon Crawl Stone Soup version 0.29-a0-88-g03a7b78be7 (webtiles) character file.

Game seed: 2602230744967364140

606 enile the Magician (level 7, -2/53 HPs)
             Began as a Djinni Fire Elementalist on Feb 5, 2022.
             Was a Believer of Fedhas.
             Slain by a wyvern (9 damage)
             ... on level 4 of the Dungeon.
             The game lasted 00:05:49 (4886 turns).

enile the Magician (Djinni Fire Elementalist)       Turns: 4886, Time: 00:05:49

Health: -2/53      AC:  3    Str:  7    XL:     7   Next: 70%
Gold:   296        EV: 12    Int: 19    God:    Fedhas [**....] SH:  0 Dex: 13

rFire   + + .      SeeInvis .   l - +4 scythe (vorpal)
rCold   x . .      Faith    .   (shield currently unavailable)
rNeg    . . .      Spirit   .   m - +0 robe of Spring {rElec Slay+2 Stlth+}
rPois   ∞          Reflect  .   (no helmet)
rElec   +          Harm     .   k - +0 cloak
rCorr   .          Rampage  .   (no gloves)
Will    .....                   (boots unavailable)
Stlth   +++.......              j - amulet of regeneration
HPRegen 0.97/turn               (no ring)
MPRegen 0.00/turn               (no ring)

@: flying
A: sickness immunity, fire resistance 2, cold vulnerability 1, float, innate
caster, HP casting, extra vitality 1
a: Renounce Religion, Wall of Briars


You were on level 4 of the Dungeon.
You worshipped Fedhas.
Fedhas was pleased with you.
You visited 1 branch of the dungeon, and saw 5 of its levels.

You collected 296 gold pieces.

Inventory:

Hand Weapons
 i - a +3 quarterstaff of chaos
 l - a +4 vorpal scythe (weapon)
Armour
 a - a +0 robe
 k - a +0 cloak (worn)
 m - the +0 robe of Spring (worn) {rElec Slay+2 Stlth+}
   (You found it on level 4 of the Dungeon)

   Slay:      It affects your accuracy & damage with ranged weapons and melee
   (+2).
   rElec:     It insulates you from electricity.
   Stlth:     It makes you more stealthy.
Jewellery
 j - an amulet of regeneration (around neck)
Wands
 r - a wand of mindburst (12)
Scrolls
 b - a scroll of immolation
 c - 2 scrolls of blinking
 d - a scroll of teleportation
 e - a scroll of fog
 g - a scroll of brand weapon
 h - a scroll of noise {unknown}
 n - a scroll of enchant weapon {unknown}
 s - a scroll of amnesia {unknown}
 t - 2 scrolls of enchant armour {unknown}
 u - a scroll of fear {unknown}
Potions
 f - a potion of cancellation {unknown}
 o - 2 potions of flight {unknown}
 p - a potion of heal wounds
 q - a potion of curing {unknown}


   Skills:
 + Level 4.9 Fighting
 - Level 2.4 Dodging
 - Level 1.8 Stealth
 - Level 5.0 Spellcasting


You couldn't memorise any spells.
You knew the following spells:

 Your Spells              Type           Power      Damage    Failure   Level
a - Foxfire               Conj/Fire      92%        2x1d8     1%          1
b - Scorch                Fire           46%        2d7       2%          2
c - Conjure Flame         Conj/Fire      23%        6-21      4%          3
d - Inner Flame           Hex/Fire       23%        N/A       4%          3
e - Flame Wave            Conj/Fire      23%        2d7       16%         4
f - Sandblast             Erth           46%        2d11      1%          1
g - Corpse Rot            Necr/Air       46%        N/A       2%          2
h - Ignite Poison         Fire/Tmut/Pois 23%        N/A       4%          3
Your spell library was empty.

Dungeon Overview and Level Annotations

Branches:
Dungeon (5/15)
 Temple: D:4-7

Altars:
Dithmenos
Fedhas
Gozag
Kikubaaqudgha
Ru
Sif Muna


Innate Abilities, Weirdness & Mutations

You are immune to sickness and miasma.
You are immune to poison.
Your flesh is very heat resistant. (rF++)
You are vulnerable to cold. (rC-)
You float through the air rather than walking.
You learn spells naturally, not from books.
Your magical power is your life essence.
You have superior vitality. (+4 MHP)


Message History

Casting: Scorch (safe; 2% risk of failure)
Confirm with . or Enter, or press ? or * to list all spells.
Flames lash the centaur.
The centaur is moderately wounded.
The centaur's fire resistance burns away.
The wyvern hisses angrily.
A white imp comes into view.
The centaur shoots an arrow.
The arrow barely misses you.
The centaur shoots an arrow.
The arrow hits you! The bullfrog zombie misses you.
The centaur shoots an arrow.
The arrow hits you. The bullfrog zombie closely misses you.
The bullfrog zombie barely misses you.
You fly upwards.
There is a stone staircase leading down here.
You start resting.
HP restored.
There is a stone staircase leading down here.
You fly downwards.
You hear the hiss of flowing sand.
There is an entrance to an ossuary on this level.
Hurry and find it before the portal is buried!
You hear the slow hiss of a very distant avalanche of sand.
The wyvern bites you!
The centaur shoots an arrow.
The arrow hits you.
The bullfrog zombie hits you but does no damage.
The wyvern closely misses you.
The centaur shoots an arrow.
The arrow hits you!
The bullfrog zombie hits you but does no damage.
There is a stone staircase leading up here.
The wyvern closely misses you.
The centaur shoots an arrow.
The arrow barely misses you. The wyvern bites you!
The bullfrog zombie hits you but does no damage.
The centaur shoots an arrow.
The arrow hits you.
You fly upwards.
There is a stone staircase leading down here.
A briar patch grows up from the ground. x7
You can no longer grow a ballistomycete.
The wyvern bites you.
You fly carefully through the plants.
The wyvern bites you!
* * * LOW HITPOINT WARNING * * *
The wyvern bites you!
You die...
Fedhas appreciates your contribution to the ecosystem.

....................###########
........####........#.........#
........####..................#
..#.....##....................#
..#.....>(....................#
..#...........................#
..#...........................#
..#........##.PPP.............#
..#........##..l@.............#
..#........##.PPP............##
..#........##................#
#.#........##................#
#'#..........................#
.............................#
.............................#
...........#######...........#
...######### #...........#


You could see a wyvern (ally target).

Vanquished Creatures
  Sigmund (D:2)
  A centaur (D:4)
  A phantom (D:4)
  A water moccasin zombie (D:5)
  A hound (D:4)
  A jelly (D:4)
  Crazy Yiuf (D:3)
  Natasha (D:2)
  A hound skeleton (D:4)
  5 adders
  2 adder skeletons (D:4)
  3 worms
  6 orcs
  4 bats
  6 endoplasms
  3 giant cockroaches
  6 goblins
  7 hobgoblins
  2 quokkas
  7 ball pythons
  2 frilled lizards
  4 kobolds
  A quokka skeleton (D:4)
  2 rats
69 creatures vanquished.

Vanquished Creatures (others)
  248 foxfires
  5 plants (D:2)
253 creatures vanquished.

Grand Total: 322 creatures vanquished

Notes
Turn   | Place    | Note
-------+----------+-------------------------------------------
     0 | D:1      | enile the Djinni Fire Elementalist began the quest for the
                  | Orb.
     0 | D:1      | Reached XP level 1. HP: 15/15 MP: 0/0
   453 | D:1      | Reached XP level 2. HP: 20/21 MP: 0/0
   682 | D:1      | Reached skill level 1 in Fighting
   879 | D:1      | Found a faded altar of an unknown god.
   991 | D:1      | Prayed at the altar of an unknown god.
   991 | D:1      | Became a worshipper of Fedhas Madash
   991 | D:1      | Reached * piety under Fedhas
  1587 | D:2      | Reached XP level 3. HP: 25/27 MP: 0/0
  1587 | D:2      | Learned a level 1 spell: Sandblast
  2115 | D:2      | Noticed Sigmund
  2562 | D:3      | Found a faded altar of an unknown god.
  2755 | D:3      | Found a runed translucent door.
  2767 | D:3      | Noticed Crazy Yiuf
  2790 | D:3      | Reached ** piety under Fedhas
  2791 | D:3      | Reached skill level 3 in Spellcasting
  2791 | D:3      | Reached XP level 4. HP: 29/33 MP: 0/0
  2979 | D:3      | Found a sacrificial altar of Ru.
  3226 | D:3      | Killed Crazy Yiuf
  3407 | D:2      | Noticed Natasha
  3416 | D:2      | Killed Natasha
  3417 | D:2      | Reached XP level 5. HP: 35/40 MP: 0/0
  3417 | D:2      | Learned a level 2 spell: Corpse Rot
  3466 | D:2      | Killed Sigmund
  3467 | D:2      | Reached skill level 4 in Spellcasting
  3467 | D:2      | Reached XP level 6. HP: 36/47 MP: 0/0
  3968 | D:4      | Identified the +0 robe of Spring {rElec Slay+2 Stlth+}
  4213 | D:4      | Found a shadowy altar of Dithmenos.
  4237 | D:4      | Reached XP level 7. HP: 42/52 MP: 0/0
  4237 | D:4      | Learned a level 3 spell: Ignite Poison
  4532 | D:4      | Found an opulent altar of Gozag.
  4575 | D:4      | Reached skill level 5 in Spellcasting
  4722 | D:5      | Entered Level 5 of the Dungeon
  4754 | D:5      | Reached *** piety under Fedhas
  4792 | D:5      | Noticed a wyvern
  4886 | D:4      | Slain by a wyvern

Illustrated notes

Levels and vault maps discovered:
D:1:      evilmike_arrival_fibonacci_small, layout_basic,
          hellmonk_ecumenical_altar_heavens_door
D:2:      layout_basic, serial_forest, infiniplex_forest_3_way,
          infiniplex_forest_clump_curved, infiniplex_forest_lined_room_2,
          infiniplex_forest_end_double, infiniplex_forest_lined_room_3,
          infiniplex_forest_lined_room_2, infiniplex_forest_lined_ring,
          infiniplex_forest_end_2, infiniplex_forest_lined_3_way,
          infiniplex_forest_straight_2, uniq_sigmund, uniq_natasha
D:3:      layout_basic, nicolae_ru_sacrificial_ziggurat, lemuel_blue_sif_altar,
          nicolae_overflow_ecumenical_swirl, minmay_misc_feat_tiny,
          uniq_crazy_yiuf_cottage
D:4:      minmay_opposing_rooms, layout_basic, mainiacjoe_overflow_alcove_4,
          mainiacjoe_overflow_surrounded_room, lemuel_crystal_altar
D:5:      layout_gridville, enter_ossuary_1, grunt_ministairs_15

Skill      XL: |  1  2  3  4  5  6  7 |
---------------+----------------------+-----
Fighting       | 1 2 3 4 |  4.9
Spellcasting   | 3 4 5 |  5.0
Dodging        | |  2.4
Stealth        | |  1.8

Action                   |  1- 3 |  4- 6 |  7- 9 || total
-------------------------+-------+-------+-------++-------
Melee: Unarmed           |     1 |       |       ||     1
       Scythe            |       |    19 |    11 ||    30
 Cast: Foxfire           |   102 |    39 |     9 ||   150
       Scorch            |     4 |    10 |    18 ||    32
Invok: Wall of Briars    |       |       |     1 ||     1
  Use: Potion            |     1 |       |       ||     1
       Scroll            |       |     5 |       ||     5
Armor: Robe              |     2 |    11 |    14 ||    27
Dodge: Dodged            |     3 |    22 |    28 ||    53

Table legend: (Time is in decaauts)
 A = Elapsed time spent in this place.
 B = Non-inter-level travel time spent in this place.
 C = Inter-level travel time spent in this place.
 D = Time resting spent in this place.
 E = Time spent auto-exploring this place.
 F = Levels seen in this place.
 G = Mean time per level.
                   A        B        C        D        E       F      G
               +--------+--------+--------+--------+--------+-----+--------+
         Total |   4936 |   4742 |    194 |     37 |   3955 |   5 |  987.2 |
       Dungeon |   4936 |   4742 |    194 |     37 |   3955 |   5 |  987.2 |
               +--------+--------+--------+--------+--------+-----+--------+

Top non-repeatable levels by time:
     D:1: 1518 daAuts
     D:3: 1217 daAuts
     D:2: 1197 daAuts
     D:4: 961 daAuts
     D:5: 41 daAuts
